 Dungeon Crawl Stone Soup version 0.30.1-11-g7821555f0a (webtiles) character file.

Game seed: 11003479578791929410

3728 Goboxel the Chopper (level 9, -2/68 HPs)
             Began as a Demonspawn Gladiator on Dec 1, 2023.
             Slain by a vampire
             ... wielding a +2 vampiric halberd
              (8 damage)
             ... in a bailey.
             The game lasted 00:25:13 (8159 turns).

Goboxel the Chopper (Demonspawn Gladiator)          Turns: 8159, Time: 00:25:14

Health: -2/68      AC:  7    Str: 15    XL:     9   Next: 92%
Magic:  18/18      EV: 15    Int: 14    God:
Gold:   514        SH:  0    Dex: 18    Spells: 8/8 levels left

rFire   . . .        B - +10 hand axe of Fear {drain, +Blink MP+9 Int+4}
rCold   . . .        (no shield)
rNeg    . . .        C - +0 steam dragon scales
rPois   .            c - +0 helmet
rElec   .            (no cloak)
rCorr   .            k - +0 pair of gloves
SInv    .            (no boots)
Will    .....        (no amulet)
Stlth   ++++         (no ring)
HPRegen 0.31/turn    (no ring)
MPRegen 0.16/turn

%: no passive effects
@: no status effects
A: claws 2, powered by death 1, spiny 1, sturdy frame 1, camouflage 1
a: Evoke Blink


You were in a bailey.
You visited 2 branches of the dungeon, and saw 9 of its levels.
You also visited: Sewer and Bailey.

You collected 514 gold pieces.

Inventory:

Hand Weapons
 a - a +0 heavy long sword
 B - the +10 hand axe of Fear (weapon) {drain, +Blink MP+9 Int+4}
   (You found it on level 6 of the Dungeon)

   Int:       It affects your intelligence (+4).
   MP:        It affects your magic capacity (+9).
   +Blink:    It lets you blink.
Missiles
 d - 3 throwing nets (quivered)
 e - a javelin
Armour
 c - a +0 helmet (worn)
 h - the +0 ring mail "Lyat Tit" {rElec}
   (You found it in a bailey)

   rElec:     It insulates you from electricity.
 k - a +0 pair of gloves (worn)
 u - an orb of energy
 w - a scarf of harm
 C - +0 steam dragon scales (worn)
Wands
 q - a wand of flame (9)
 v - a wand of iceblast (13)
Scrolls
 g - a scroll of summoning
 l - a scroll of blinking {unknown}
 p - a scroll of brand weapon
 r - a scroll of identify
 s - 3 scrolls of teleportation
 t - a scroll of amnesia {unknown}
 x - a scroll of torment {unknown}
 y - 2 scrolls of magic mapping
 A - a scroll of noise {unknown}
Potions
 f - 3 potions of cancellation
 i - a potion of magic
 j - 5 potions of brilliance
 m - 6 potions of mutation
 z - 4 potions of heal wounds
 D - a potion of curing


   Skills:
 + Level 5.2 Fighting
 + Level 7.4 Long Blades
 + Level 7.8 Axes
 - Level 1.7 Throwing
 + Level 5.2 Dodging
 + Level 4.3 Stealth
 + Level 1.0 Evocations


You had 8 spell levels left.
You didn't know any spells.
Your spell library contained the following spells:

 Spells                   Type           Power      Damage    Failure   Level
 Apportation              Tloc           0%         N/A       28%         1
 Kiss of Death            Conj/Necr      0%         2d5       28%         1
 Magic Dart               Conj           0%         1d3       28%         1
 Necrotise                Necr           0%         1d4       28%         1
 Sting                    Tmut/Pois      0%         1d3       28%         1
 Summon Small Mammal      Summ           0%         N/A       28%         1
 Call Imp                 Summ           0%         N/A       41%         2
 Ensorcelled Hibernation  Hex/Ice        0%         N/A       41%         2
 Passwall                 Tmut/Erth      0%         N/A       41%         2
 Poisonous Vapours        Pois/Air       0%         N/A       41%         2
 Confusing Touch          Hex            0%         N/A       65%         3
 Mephitic Cloud           Conj/Pois/Air  0%         N/A       65%         3
 Swiftness                Air            0%         N/A       65%         3
 Dispel Undead            Necr           0%         3d6       96%         4
 Olgreb's Toxic Radiance  Pois           0%         N/A       96%         4


Dungeon Overview and Level Annotations

Branches:
Dungeon (8/15)             Temple (1/1) D:7           Sewer (visited)
 Bailey (1/1)
   Lair: D:8-11

Altars:
Ashenzari
Cheibriados
Dithmenos
Gozag
Hepliaklqana
Nemelex Xobeh
Okawaru
Qazlal
Trog
Vehumet
Wu Jian
Yredelemnul

Shops:
D:8 (

Annotations:
D:6 3 runed translucent doors, mihai's ghost, amateur TrFi


Innate Abilities, Weirdness & Mutations

You have very sharp fingernails.
You regenerate a little health from kills.
You are partially covered in sharp spines.
Your movements are slightly less encumbered by armour. (ER -2)
Your skin changes colour to match your surroundings (Stealth+).


Message History

The vampire gestures wildly while chanting.
The vampire flickers and vanishes!
Deactivating autopickup; reactivate with Ctrl-A.
There is a large open door here.
Unknown command.
There is a large open door here.
You are confused.
Unknown command.
You start waiting.
Something hits you.
You start resting.
Something hits you!
You start resting.
Something hits you!!
You bump into the stone wall.
You feel less confused. Something hits you! Something hits you!
* * * LOW HITPOINT WARNING * * *
Something bites you but does no damage.
There is a large open door, spattered with blood here.
You feel much better. Something hits you! Something bites you.
* * * LOW HITPOINT WARNING * * *
Something draws strength from your injuries!
You feel better. Something hits you!
* * * LOW HITPOINT WARNING * * *
Something bites you.
* * * LOW HITPOINT WARNING * * *
Something draws strength from your injuries!
You barely miss something. Something hits you!
* * * LOW HITPOINT WARNING * * *
Something bites you.
* * * LOW HITPOINT WARNING * * *
Something draws strength from your injuries!
Unknown command.
You feel much better.
You hear some strange, mumbled words.
Something tries to affect you, but you resist.
You slash something! Something hits you!
* * * LOW HITPOINT WARNING * * *
Something bites you!
You die...

##! ## #8. .# #.. ..#
#############..# #..#
#[.#8.......#...##...#
#))#8.......##......#
#))#######...##..{.#
#..#8....##...##@'###
##'#......#.........#
...#......).)......8#
...#...#....#########
...'...##..##.....8#
...'..).####)......#
...####...#........#
...#..#...........#####
##'#))#...♣...♣.♣.#)..#


There were no monsters in sight!

Vanquished Creatures
  Pikel (D:4)
  A gargoyle (Bailey)
  A wyvern (D:8)
  3 steam dragons
  2 water moccasins (D:7)
  A black bear (D:7)
  An ice beast (D:6)
  3 ogres
  2 lemures (D:5)
  A phantom (D:4)
  A kobold brigand (Sewer)
  2 bullfrogs
  A wyvern zombie (D:8)
  A gnoll sergeant (D:8)
  5 scorpions
  A wight (D:8)
  2 howler monkeys
  7 vampire bats (Bailey)
  6 wolf zombies (Bailey)
  2 hounds
  An orc priest (D:4)
  An iguana (D:6)
  A sleepcap (D:8)
  An orc wizard (D:4)
  A howler monkey zombie (D:8)
  5 gnolls (D:8)
  5 river rats
  9 adders
  2 shadow imps (D:7)
  A white imp (D:5)
  An ufetubus (D:7)
  3 worms
  13 dart slugs
  9 orcs
  4 endoplasms
  7 giant cockroaches
  10 goblins
  7 hobgoblins
  3 jackals (D:1)
  24 kobolds
  4 quokkas
  12 ball pythons
  5 bats
  2 frilled lizards
  21 orc zombies (Bailey)
  19 rats
215 creatures vanquished.

Vanquished Creatures (collateral kills)
  A dart slug (D:4)
1 creature vanquished.

Vanquished Creatures (others)
  A wizard (D:4)
  A dart slug (D:4)
  A rat (D:2)
3 creatures vanquished.

Grand Total: 219 creatures vanquished

Notes
Turn   | Place    | Note
-------+----------+-------------------------------------------
     0 | D:1      | Goboxel the Demonspawn Gladiator began the quest for the
                  | Orb.
     0 | D:1      | Reached XP level 1. HP: 16/16 MP: 1/1
   254 | D:1      | Gained mutation: You regenerate a little health from kills.
                  | [demonic ancestry]
   254 | D:1      | Reached XP level 2. HP: 22/22 MP: 2/2
   720 | D:2      | Found a faded altar of an unknown god.
   788 | D:2      | Reached XP level 3. HP: 19/28 MP: 3/3
  1269 | D:2      | HP: 1/28 [poisoned by an adder]
  1683 | D:3      | Found a glowing drain.
  1701 | D:3      | Gained mutation: You are partially covered in sharp spines.
                  | [demonic ancestry]
  1701 | D:3      | Reached XP level 4. HP: 23/34 MP: 4/4
  1710 | Sewer    | Entered a sewer
  1835 | Sewer    | Noticed a kobold brigand
  1850 | Sewer    | Killed a kobold brigand
  1851 | Sewer    | Gained mutation: Your movements are slightly less
                  | encumbered by armour. (ER -2) [demonic ancestry]
  1851 | Sewer    | Reached XP level 5. HP: 24/41 MP: 5/5
  2092 | Sewer    | Gained mutation: Potions are less effective at restoring
                  | your health. [potion of mutation]
  2092 | Sewer    | Gained mutation: You are weak. (Str -2) [potion of
                  | mutation]
  2092 | Sewer    | Gained mutation: Your skin changes colour to match your
                  | surroundings (Stealth+). [potion of mutation]
  2093 | Sewer    | Lost mutation: Potions are less effective at restoring your
                  | health. [potion of mutation]
  2093 | Sewer    | Lost mutation: You are weak. (Str -2) [potion of mutation]
  2093 | Sewer    | Lost mutation: Your skin changes colour to match your
                  | surroundings (Stealth+). [potion of mutation]
  2093 | Sewer    | Gained mutation: Your skin changes colour to match your
                  | surroundings (Stealth+). [potion of mutation]
  2551 | D:3      | Found a hazy altar of Hepliaklqana.
  3232 | D:4      | Reached XP level 6. HP: 36/47 MP: 6/6
  3316 | D:4      | Reached skill level 5 in Long Blades
  3316 | D:4      | Reached skill level 1 in Stealth
  3482 | D:4      | Gained mutation: You have sharp fingernails. [demonic
                  | ancestry]
  3482 | D:4      | Reached XP level 7. HP: 53/53 MP: 7/7
  3979 | D:4      | Found an ornate altar of the Wu Jian Council.
  4004 | D:4      | Found a bloodstained altar of Trog.
  4006 | D:4      | Noticed a wizard
  4011 | D:4      | Killed a wizard
  4260 | D:5      | Entered Level 5 of the Dungeon
  4447 | D:5      | Noticed Pikel
  4731 | D:4      | HP: 1/55 [Pikel/+1 whip of flaming (4)]
  4733 | D:4      | Killed Pikel
  4734 | D:4      | Reached skill level 5 in Fighting
  4734 | D:4      | Reached XP level 8. HP: 2/62 MP: 8/8
  5585 | D:6      | Identified the +10 hand axe of Fear {drain, +Blink MP+9
                  | Int+4}
  5665 | D:6      | Found a runed translucent gate.
  5665 | D:6      | Noticed a kobold demonologist
  5667 | D:6      | Found a runed translucent gate.
  5668 | D:6      | Found a runed translucent gate.
  5671 | D:6      | Noticed mihai's ghost (amateur TrFi)
  5689 | D:6      | Reached skill level 1 in Axes
  5748 | D:6      | Found a radiant altar of Vehumet.
  6531 | D:7      | Reached skill level 5 in Axes
  6531 | D:7      | Gained mutation: You have very sharp fingernails. [demonic
                  | ancestry]
  6531 | D:7      | Reached XP level 9. HP: 66/68 MP: 9/9
  6811 | D:7      | Found a staircase to the Ecumenical Temple.
  6827 | Temple   | Entered the Ecumenical Temple
  7072 | D:8      | Found Noiloag's Weapon Shop.
  7203 | D:8      | Found a basalt altar of Yredelemnul.
  7653 | D:8      | Found a flagged portal.
  7663 | Bailey   | Entered a bailey
  7804 | Bailey   | Reached skill level 1 in Evocations
  7807 | Bailey   | Reached skill level 5 in Dodging
  7844 | Bailey   | Identified the +0 ring mail "Lyat Tit" {rElec}
  7938 | Bailey   | Noticed a gargoyle
  7952 | Bailey   | Killed a gargoyle
  8157 | Bailey   | HP: 2/68 [something (3)]
  8159 | Bailey   | Slain by a vampire

Illustrated notes

Levels and vault maps discovered:
D:1:      heliophobic_arrival_glass_houses, layout_loops_ring,
          grunt_decor_clamped
D:2:      layout_rooms, hellmonk_ecumenical_altar_dog_temple
D:3:      layout_loops_corners, zin_academy, mainiacjoe_overflow_cross_hatched,
          portal_sewer_entry_c, minmay_shallow_snake_nest
D:4:      kennysheep_slugbush, layout_loops_corners, trog_wizard,
          overflow_temple_1_default, hangedman_decor_riveting
D:5:      layout_loops_ring, kennysheep_generic_room_15, uniq_pikel
D:6:      layout_basic, kennysheep_little_box, elyvilon_altar_1,
          gammafunk_ghost_nasty_kobolds, wad_floor_pattern_untrapped
D:7:      layout_loops_ring, minmay_temple_entry_antechambers
D:8:      layout_rooms, lemuel_zombie_altar_yredelemnul, enter_bailey_8,
          serial_shops, nicolae_stop_n_shop_2
Temple:   nicolae_temple_two_arcs
Bailey:   bailey_polearm_vampire_castle_hellmonk, bailey

Skill      XL: |  1  2  3  4  5  6  7  8  9 |
---------------+----------------------------+-----
Long Blades    | 3 4 5 7 |  7.4
Dodging        | 3 4 5 |  5.2
Fighting       | 3 5 |  5.2
Stealth        | 1 2 4 |  4.3
Axes           | 5 7 |  7.8
Evocations     | 1 |  1.0
Throwing       | |  1.7

Action                     |  1- 3 |  4- 6 |  7- 9 || total
---------------------------+-------+-------+-------++-------
  Melee: Long sword        |   101 |   148 |    85 ||   334
         Punch             |       |     1 |     3 ||     4
         Hand axe          |       |       |   152 ||   152
  Evoke: Wand              |       |       |     5 ||     5
    Use: Potion            |     4 |     3 |     6 ||    13
         Scroll            |     1 |     3 |     7 ||    11
   Stab: Invisible         |     1 |       |       ||     1
         Sleeping          |       |     3 |    18 ||    21
         Distracted        |       |     1 |     1 ||     2
 Armour: Leather armour    |    38 |    32 |    20 ||    90
         Steam dragon scal |       |       |    34 ||    34
  Dodge: Dodged            |   104 |    89 |   162 ||   355
